 Dungeon Crawl Stone Soup version 0.30.0-5-g1a98f26d00 (webtiles) character file.

Game seed: 6885381074925771531

4354 zeram the Blocker (level 10, 0/82 HPs)
             Began as a Gnoll Fighter on May 8, 2023.
             Slain by a yak (9 damage)
             ... on level 8 of the Dungeon.
             The game lasted 00:17:25 (10332 turns).

zeram the Blocker (Gnoll Fighter)                  Turns: 10332, Time: 00:17:25

Health: 0/82       AC: 10    Str: 20    XL:     10   Next: 34%
Magic:  0/18       EV: 11    Int:  7    God:
Gold:   315        SH:  6    Dex: 12    Spells: 19/19 levels left

rFire   . . .        m - +6 falchion (freeze)
rCold   . . .        c - +0 buckler
rNeg    . . .        b - +0 scale mail
rPois   .            (no helmet)
rElec   .            (no cloak)
rCorr   +            (no gloves)
SInv    .            s - +1 pair of boots
Will    .....        g - amulet of guardian spirit
Stlth   ++           p - ring of resist corrosion
HPRegen 0.33/turn    (no ring)
MPRegen 0.16/turn

%: guardian spirit
@: no status effects
A: fangs 1, strong nose, distributed training
a: no special abilities


You were on level 8 of the Dungeon.
You visited 2 branches of the dungeon, and saw 10 of its levels.
You also visited: Ossuary.

You collected 504 gold pieces.
You spent 189 gold pieces at shops.

Inventory:

Hand Weapons
 a - a +0 trident
 m - a +6 falchion of freezing (weapon)
Missiles
 u - 4 throwing nets (quivered)
Armour
 b - a +0 scale mail (worn)
 c - a +0 buckler (worn)
 s - a +1 pair of boots (worn)
 y - a +2 cloak
Jewellery
 g - an amulet of guardian spirit (around neck)
 p - a ring of resist corrosion (left hand)
Wands
 j - a wand of mindburst (8)
 q - a wand of flame (14)
 w - a wand of charming (4)
Scrolls
 h - 2 scrolls of amnesia
 i - 2 scrolls of teleportation
 l - 2 scrolls of noise
 v - 4 scrolls of torment
 x - a scroll of enchant weapon
 z - 2 scrolls of blinking {unknown}
 A - a scroll of identify
Potions
 d - a potion of haste
 e - 3 potions of mutation
 f - 4 potions of brilliance
 k - a potion of degeneration {unknown}
 n - 2 potions of heal wounds
 o - a potion of might
 r - a potion of lignification {unknown}
 t - 3 potions of curing


   Skills:
 + Level 8.6 Fighting
 + Level 5.4 Short Blades
 + Level 5.4 Long Blades
 + Level 5.4 Axes
 + Level 5.4 Maces & Flails
 + Level 7.1 Polearms
 + Level 5.4 Staves
 + Level 5.4 Ranged Weapons
 + Level 5.4 Throwing
 + Level 8.6 Armour
 + Level 5.4 Dodging
 + Level 5.4 Stealth
 + Level 8.6 Shields
 + Level 5.4 Unarmed Combat
 + Level 5.4 Spellcasting
 + Level 4.4 Conjurations
 + Level 4.4 Hexes
 + Level 4.4 Summonings
 + Level 4.4 Necromancy
 + Level 4.4 Translocations
 + Level 4.4 Transmutations
 + Level 4.4 Fire Magic
 + Level 4.4 Ice Magic
 + Level 4.4 Air Magic
 + Level 4.4 Earth Magic
 + Level 4.4 Poison Magic
 + Level 5.9 Invocations
 + Level 5.4 Evocations


You had 19 spell levels left.
You didn't know any spells.
Your spell library contained the following spells:

 Spells                   Type           Power      Damage    Failure   Level
 Ensorcelled Hibernation  Hex/Ice        16%        N/A       19%         2
 Passwall                 Tmut/Erth      6%         N/A       19%         2
 Frozen Ramparts          Ice            16%        1d3       36%         3
 Swiftness                Air            8%         N/A       36%         3
 Volatile Blastmotes      Fire/Tloc      16%        2d11      36%         3
 Fulminant Prism          Conj/Hex       4%         3d5       77%         4
 Ice Form                 Ice/Tmut       8%         N/A       77%         4
 Iskenderun's Mystic Bla  Conj/Tloc      8%         2d4       77%         4
 Summon Ice Beast         Ice/Summ       8%         N/A       77%         4
 Lee's Rapid Deconstruct  Erth           4%         3d5*      98%         5
 Summon Forest            Summ/Tloc      4%         N/A       98%         5
 Eringya's Noxious Bog    Tmut/Pois      4%         N/A       100%        6
 Summon Hydra             Summ           4%         N/A       100%        7


Dungeon Overview and Level Annotations

Branches:
Dungeon (9/15)             Temple (1/1) D:6         Ossuary (visited)
   Lair: D:8-11         Orc: D:9-12

Altars:
Ashenzari
Dithmenos
Elyvilon
Fedhas
Hepliaklqana
Kikubaaqudgha
Makhleb
Nemelex Xobeh
Okawaru
Qazlal
Ru
Sif Muna
Trog
Uskayaw
Wu Jian
Xom
Yredelemnul
Zin
The Shining One

Shops:
D:4 *[(?

Annotations:
D:4 3 runed translucent doors, ProzacElf's ghost, amateur TrHW
D:8 6 transporters


Innate Abilities, Weirdness & Mutations

You have very sharp teeth.
Your uncanny sense of smell can sniff out nearby items.
Your experience applies equally to all skills.


Message History

You block the yak's attack.
You hit the yak. You freeze the yak.
The yak is almost dead.
You block the yak's attack.
You completely miss the yak. You bite the yak, but do no damage.
The yak is almost dead.
The yak gores you.
* * * LOW HITPOINT WARNING * * *
You closely miss the yak.
The yak is almost dead.
The yak gores you!
* * * LOW HITPOINT WARNING * * *
You barely miss the yak. You bite the yak, but do no damage.
The yak is severely wounded.
The yak misses you.
You hit the yak but do no damage.
The yak is severely wounded.
The yak gores you but does no damage.
You slash the yak! You freeze the yak.
You kill the yak!
You slash the yak! You freeze the yak. Your bite misses the yak.
The yak is moderately wounded.
The yak closely misses you.
You closely miss the yak.
The yak is moderately wounded.
You block the yak's attack.
You barely miss the yak.
The yak is moderately wounded.
You block the yak's attack.
You slash the yak! You freeze the yak!
The yak is severely wounded.
The yak gores you.
* * * LOW HITPOINT WARNING * * *
You hit the yak. You freeze the yak. You bite the yak.
The yak is almost dead.
The yak gores you but does no damage.
You barely miss the yak.
The yak is almost dead.
The yak gores you!
You die...

##.#..########..©#....#
#.#....# ###.#####.#
#.#..#.# #...# #..#
#.#.##.## #.#### ##.#
##.#.#..©####....# .#
.......©......##.# .#
##.#.#©..#######.# .#
.....##.## #.#
##.#....# #@# #.######
####Y## #.# #Y†...# #.#
##.##.#.# ##.#
#©..####.# ...#
#...©...# ## ####
#.#..©##.# #.##.## .# #
... ..


You could see a yak.

Vanquished Creatures
  Maurice (D:8)
  Sigmund (D:2)
  5 yaks (D:8)
  2 water moccasins
  A sky beast (D:7)
  A black bear (D:5)
  2 ice beasts
  3 ogres (D:5)
  3 centaurs
  A phantom (D:6)
  A kobold brigand (D:8)
  2 elf zombies (Ossuary)
  A gnoll sergeant (D:6)
  A bullfrog (D:8)
  5 scorpions
  4 wights (D:5)
  3 killer bees (D:8)
  3 howler monkeys
  2 centaur zombies (Ossuary)
  4 hounds
  2 human zombies (Ossuary)
  A jelly (D:7)
  2 orc priests
  2 gnoll boudas
  A sleepcap (D:4)
  Jessica (D:3)
  Ijyb (D:5)
  5 iguanas
  2 orc wizards (D:6)
  2 mummies (Ossuary)
  11 gnolls
  2 adders
  3 shadow imps
  A white imp (D:7)
  A worm (D:4)
  2 dart slugs (D:2)
  20 orcs
  9 ball pythons
  2 bats
  4 endoplasms
  7 giant cockroaches
  2 goblins
  3 hobgoblins (D:1)
  8 kobolds
  4 quokkas (D:1)
  2 frilled lizards (D:3)
  A goblin zombie (Ossuary)
  12 hobgoblin zombies (Ossuary)
  A jackal zombie (Ossuary)
  9 kobold zombies (Ossuary)
  7 orc zombies (Ossuary)
  6 rats
182 creatures vanquished.

Notes
Turn   | Place    | Note
-------+----------+-------------------------------------------
     0 | D:1      | zeram the Gnoll Fighter began the quest for the Orb.
     0 | D:1      | Reached XP level 1. HP: 23/23 MP: 1/1
   194 | D:1      | Reached XP level 2. HP: 23/29 MP: 2/2
   577 | D:1      | Reached XP level 3. HP: 35/35 MP: 3/3
  1323 | D:2      | Reached skill level 1 in Invocations
  1400 | D:2      | Noticed Sigmund
  1408 | D:2      | Killed Sigmund
  1409 | D:2      | Reached skill level 1 in Short Blades
  1409 | D:2      | Reached skill level 1 in Long Blades
  1409 | D:2      | Reached skill level 1 in Axes
  1409 | D:2      | Reached skill level 1 in Maces & Flails
  1409 | D:2      | Reached skill level 1 in Staves
  1409 | D:2      | Reached skill level 1 in Ranged Weapons
  1409 | D:2      | Reached skill level 1 in Throwing
  1409 | D:2      | Reached skill level 1 in Dodging
  1409 | D:2      | Reached skill level 1 in Stealth
  1409 | D:2      | Reached skill level 1 in Unarmed Combat
  1409 | D:2      | Reached skill level 1 in Spellcasting
  1409 | D:2      | Reached skill level 1 in Conjurations
  1409 | D:2      | Reached skill level 1 in Hexes
  1409 | D:2      | Reached skill level 1 in Summonings
  1409 | D:2      | Reached skill level 1 in Necromancy
  1409 | D:2      | Reached skill level 1 in Translocations
  1409 | D:2      | Reached skill level 1 in Transmutations
  1409 | D:2      | Reached skill level 1 in Fire Magic
  1409 | D:2      | Reached skill level 1 in Ice Magic
  1409 | D:2      | Reached skill level 1 in Air Magic
  1409 | D:2      | Reached skill level 1 in Earth Magic
  1409 | D:2      | Reached skill level 1 in Poison Magic
  1409 | D:2      | Reached skill level 1 in Evocations
  1409 | D:2      | Reached XP level 4. HP: 18/41 MP: 4/6
  1409 | D:2      | Reached XP level 5. HP: 21/47 MP: 4/7
  2012 | D:3      | Noticed Jessica
  2016 | D:3      | Killed Jessica
  2017 | D:3      | Reached XP level 6. HP: 53/53 MP: 8/8
  2281 | D:4      | You fall into a shaft and drop 1 floor!
  2281 | D:5      | Entered Level 5 of the Dungeon
  2308 | D:5      | Reached skill level 5 in Polearms
  2571 | D:5      | Noticed a water moccasin
  2583 | D:5      | Killed a water moccasin
  2592 | D:5      | Reached XP level 7. HP: 19/60 MP: 4/10
  3419 | D:5      | Found a shimmering blue altar of Sif Muna.
  3422 | D:5      | Noticed Ijyb
  3439 | D:5      | Killed Ijyb
  3650 | D:5      | Reached XP level 8. HP: 46/67 MP: 9/12
  3841 | D:4      | Found Reluaxol's Magic Scroll Shop.
  3993 | D:4      | Found Zolliac's Antique Weapon Emporium.
  3996 | D:4      | Bought a scroll of teleportation for 36 gold pieces
  3996 | D:4      | Bought a scroll of magic mapping for 90 gold pieces
  4046 | D:4      | Identified the +1 robe of the Dwarven Hall {rPois rF-
                  | Int+2}
  4046 | D:4      | Noticed ProzacElf's ghost (amateur TrHW)
  4120 | D:4      | Found a runed translucent gate.
  4120 | D:4      | Found a runed translucent gate.
  4120 | D:4      | Found a runed translucent gate.
  4161 | D:4      | Found Geqir's General Store.
  4166 | D:4      | Bought a +0 pair of boots for 63 gold pieces
  4598 | D:4      | Found Dixo's Antique Armour Shoppe.
  5821 | D:6      | Found a shimmering altar of Xom.
  6593 | D:6      | Reached XP level 9. HP: 69/73 MP: 10/14
  6747 | D:6      | Found a staircase to the Ecumenical Temple.
  6864 | Temple   | Entered the Ecumenical Temple
  7124 | D:6      | Found an ornate altar of the Wu Jian Council.
  7850 | D:7      | Found a sand-covered staircase.
  7865 | Ossuary  | Entered an ossuary
  8491 | D:7      | Found a burning altar of Makhleb.
  8492 | D:7      | Found a hazy altar of Hepliaklqana.
  8576 | D:7      | Reached skill level 5 in Invocations
  9038 | D:7      | Found a basalt altar of Yredelemnul.
  9038 | D:7      | Found a faded altar of an unknown god.
  9046 | D:7      | Found a hide-covered altar of Uskayaw.
  9048 | D:7      | Found a faded altar of an unknown god.
  9050 | D:7      | Found a stormy altar of Qazlal.
  9450 | D:8      | Noticed Maurice
  9522 | D:8      | HP: 3/74 [yak (7)]
  9543 | D:8      | Found a transporter.
  9546 | D:8      | Found a transporter.
  9562 | D:8      | Found a transporter.
  9568 | D:8      | Found a transporter.
  9865 | D:8      | Reached skill level 5 in Short Blades
  9865 | D:8      | Reached skill level 5 in Long Blades
  9865 | D:8      | Reached skill level 5 in Axes
  9865 | D:8      | Reached skill level 5 in Maces & Flails
  9865 | D:8      | Reached skill level 5 in Staves
  9865 | D:8      | Reached skill level 5 in Ranged Weapons
  9865 | D:8      | Reached skill level 5 in Throwing
  9865 | D:8      | Reached skill level 5 in Dodging
  9865 | D:8      | Reached skill level 5 in Stealth
  9865 | D:8      | Reached skill level 5 in Unarmed Combat
  9865 | D:8      | Reached skill level 5 in Spellcasting
  9865 | D:8      | Reached skill level 5 in Evocations
  9865 | D:8      | Reached XP level 10. HP: 60/81 MP: 13/17
  9893 | D:8      | Killed Maurice
 10279 | D:8      | Found a transporter.
 10282 | D:8      | Found a transporter.
 10332 | D:8      | Slain by a yak

Illustrated notes

Levels and vault maps discovered:
D:1:      wheals_arrival_linesprint, layout_loops_corners
D:2:      layout_basic, uniq_sigmund
D:3:      layout_basic, uniq_jessica
D:4:      layout_loops_ring, serial_shops, shop, kennysheep_little_box, shop,
          nicolae_shop_real_fake_doors, portal_sewer_entry_c,
          gammafunk_ghost_icy, chequers_mini_garden
D:5:      layout_layer_cave, mainiacjoe_overflow_paths, uniq_ijyb
D:6:      layout_loops_ring, amcnicky_altar_gilded,
          nicolae_wu_jian_wuxing_cycle, minmay_temple_entry_wispy,
          serial_co_window_serial, co_window_corner_a,
          co_window_of_opportunity_a, co_window_corner_a, co_window_corner_a,
          co_window_corner_a, co_window_2corner, co_window_corner_cb,
          co_window_corner_cb, co_window_unsneaky_path_b,
          co_window_unsneaky_path_a, co_window_corner_ca, co_window_paths_d,
          glass_columns_b, glass_columns_a, glass_columns_c, glass_columns_a,
          glass_columns_c, minmay_misc_feat_roman, minmay_tree_intersection,
          dreamdust_mushroom_princess
D:7:      layout_loops_ring, chequers_temple_overflow_minitemple,
          mainiacjoe_overflow_divided_tiny, nicolae_ossuary_entry_plus
D:8:      layout_loops_ring, chei_slow_surprise, grunt_gozag_breadcrumbs,
          serial_nicolae_subway, nicolae_sub_station_stone,
          nicolae_sub_station_metal, nicolae_sub_station_crystal, uniq_maurice
D:9:      layout_rooms, fiery_altar_vehumet, enter_bailey_8,
          nicolae_concentric_dashed_squares_wild, kennysheep_dice
Temple:   grunt_temple_mini_profane

Skill      XL: |  1  2  3  4  5  6  7  8  9 10 |
---------------+-------------------------------+-----
Invocations    | 2 3 4 5 |  5.9
Short Blades   | 1 2 3 5 |  5.4
Long Blades    | 1 2 3 5 |  5.4
Axes           | 1 2 3 5 |  5.4
Maces & Flails | 1 2 3 5 |  5.4
Staves         | 1 2 3 5 |  5.4
Ranged Weapons | 1 2 3 5 |  5.4
Throwing       | 1 2 3 5 |  5.4
Dodging        | 1 2 3 5 |  5.4
Stealth        | 1 2 3 5 |  5.4
Unarmed Combat | 1 2 3 5 |  5.4
Spellcasting   | 1 2 3 5 |  5.4
Conjurations   | 1 2 3 4 |  4.4
Hexes          | 1 2 3 4 |  4.4
Summonings     | 1 2 3 4 |  4.4
Necromancy     | 1 2 3 4 |  4.4
Translocations | 1 2 3 4 |  4.4
Transmutations | 1 2 3 4 |  4.4
Fire Magic     | 1 2 3 4 |  4.4
Ice Magic      | 1 2 3 4 |  4.4
Air Magic      | 1 2 3 4 |  4.4
Earth Magic    | 1 2 3 4 |  4.4
Poison Magic   | 1 2 3 4 |  4.4
Evocations     | 1 2 3 5 |  5.4
Polearms       | 5 6 7 |  7.1
Fighting       | 7 8 |  8.6
Armour         | 7 8 |  8.6
Shields        | 7 8 |  8.6

Action                     |  1- 3 |  4- 6 |  7- 9 | 10-12 || total
---------------------------+-------+-------+-------+-------++-------
  Melee: Trident           |    91 |    77 |   284 |       ||   452
         Bite              |     4 |     8 |    80 |    10 ||   102
         Falchion          |       |       |   397 |    71 ||   468
    Use: Potion            |     1 |     1 |     4 |     1 ||     7
         Scroll            |       |     3 |    16 |     1 ||    20
   Stab: Invisible         |       |       |     4 |       ||     4
         Sleeping          |       |       |     1 |       ||     1
 Armour: Scale mail        |    15 |    25 |   295 |    19 ||   354
  Dodge: Dodged            |    23 |    34 |   394 |    33 ||   484
  Block: Buckler           |    18 |    16 |   222 |    20 ||   276
